AoeStats
← McBlahblah

Arena

516886336Analyzed
3v3 RM · 19d ago on Oct 28, 2026· 86m 24s· 6 players
Game mode
Random Map
Map size
Normal (6 player)
Population
200
Speed
Normal
Resources
Standard
Victory
Conquest
Starting age
Dark Age
Ending age
Imperial Age
RankedLock teamsTeams togetherTeam positionsShared explorationLock speedFull tech treeHidden civsTurbo modeCheats
Victory
Defeat
🇺🇸 Japanese · United States
1122
+14
🇺🇸 Magyars · United States
1084
+16
🇺🇸 Romans · United States
1063
+17
vs
🇺🇸 Khitans · United States
1127
-17
🇷🇺 Italians · Russia
1067
-15
🇳🇴 Britons · Norway
1063
-15
Nedlaw
7:19 Loom
8:59 Loom
10:54 Feudal Age
11:32 Loom
11:41 Loom
12:59 Loom
15:41 Castle Age
13:58 Double-Bit Axe
14:19 Horse Collar
15:04 Fletching
15:42 Gold Mining
16:08 Padded Archer Armor
16:49 Bodkin Arrow
17:34 Heavy Plow
17:50 Bow Saw
18:12 Padded Archer Armor
21:32 Wheelbarrow
21:53 Bloodlines
22:07 Town Watch
22:42 Heavy Plow
26:32 Ballistics
27:55 Husbandry
28:58 Hand Cart
29:14 Stone Mining
31:35 Masonry
34:09 Imperial Age
32:20 Corvinian Army
32:26 Scale Barding Armor
32:37 Leather Archer Armor
32:33 Thumb Ring
32:43 Husbandry
32:49 Murder Holes
32:35 Treadmill Crane
33:48 Chain Barding Armor
35:01 Recurve Bow
35:23 Conscription
35:07 Bracer
36:09 Chemistry
35:24 Siege Engineers
36:13 Parthian Tactics
37:14 Hoardings
38:46 Ring Archer Armor
39:14 Conscription
38:17 Elite Magyar Huszar
39:18 Heavy Cavalry Archer
39:52 Elite Magyar Huszar
40:54 Conscription
41:23 Cavalier
45:38 Capped Ram
47:09 Conscription
49:19 Plate Barding Armor
50:03 Two-Man Saw
49:08 Town Patrol
60:02 Onager
61:32 Caravan
72:01 Elite Skirmisher
McBlahblah
13:25 Feudal Age
13:32 Man-at-Arms
16:02 Double-Bit Axe
16:47 Scale Mail Armor
17:07 Forging
19:05 Castle Age
17:46 Horse Collar
19:11 Town Watch
19:53 Long Swordsman
20:34 Squires
22:34 Chain Mail Armor
26:58 Iron Casting
27:11 Heavy Plow
27:23 Bow Saw
29:24 Fletching
33:21 Bodkin Arrow
36:09 Masonry
36:22 Ballistics
36:26 Ballistas
41:04 Imperial Age
39:26 Wheelbarrow
41:08 Heavy Scorpion
41:14 Legionary
46:56 Chemistry
46:02 Siege Engineers
46:46 Elite Centurion
48:32 Architecture
48:13 Fortified Wall
47:59 Murder Holes
48:23 Caravan
49:29 Comitatenses
49:30 Conscription
86:19 Padded Archer Armor
87:19 Blast Furnace
grahamkwaj
11:18 Feudal Age
13:01 Loom
15:49 Castle Age
17:20 Forging
17:11 Scale Mail Armor
33:40 Gold Mining
33:37 Double-Bit Axe
33:37 Horse Collar
34:11 Fletching
35:53 Iron Casting
38:54 Heavy Plow
43:41 Imperial Age
42:47 Gold Shaft Mining
43:01 Chain Mail Armor
43:57 Bodkin Arrow
45:35 Conscription
46:37 Wheelbarrow
45:53 Town Watch
47:15 Bow Saw
47:53 Kataparuto
47:10 Elite Samurai
49:58 Hand Cart
49:44 Town Patrol
50:34 Yasama
51:12 Hoardings
54:05 Chemistry
53:26 Ballistics
52:48 Treadmill Crane
53:20 Masonry
53:07 Murder Holes
54:09 Squires
53:29 Pikeman
53:56 Capped Ram
55:14 Onager
57:10 Halberdier
59:18 Caravan
67:08 Blast Furnace
66:39 Plate Mail Armor
66:11 Bracer
68:14 Padded Archer Armor
70:13 Two-Man Saw
72:13 Leather Archer Armor
73:22 Coinage
73:20 Guard Tower
73:42 Fortified Wall
73:38 Siege Engineers
73:51 Yasama
75:05 Keep
76:11 Banking
84:28 Arson
Xenodium3
9:43 Feudal Age
14:44 Castle Age
13:15 Double-Bit Axe
13:11 Domestication
14:52 Gold Mining
14:53 Stone Mining
17:32 Bow Saw
17:47 Loom
18:50 Town Watch
20:25 Scale Barding Armor
20:42 Fervor
25:36 Wheelbarrow
27:21 Chain Barding Armor
29:54 Lamellar Armor
31:55 Hand Cart
32:18 Pastoralism
32:51 Husbandry
37:48 Imperial Age
35:22 Squires
37:06 Scale Mail Armor
37:43 Forging
37:24 Fletching
37:34 Padded Archer Armor
39:06 Chain Mail Armor
43:20 Iron Casting
48:00 Town Patrol
49:03 Conscription
50:45 Plate Barding Armor
52:48 Plate Mail Armor
52:08 Arson
53:08 Sanctity
56:17 Transhumance
55:19 Capped Ram
56:42 Elite Steppe Lancer
60:53 Heavy Camel Rider
64:37 Two-Man Saw
64:04 Ordo Cavalry
64:11 Elite Liao Dao
64:40 Light Cavalry
66:47 Hussar
73:38 Siege Ram
75:15 Stone Shaft Mining
74:53 Elite Skirmisher
75:39 Thumb Ring
75:33 Siege Ram
79:26 Caravan
81:02 Chemistry
80:02 Murder Holes
79:49 Treadmill Crane
81:37 Bodkin Arrow
82:51 Bracer
83:06 Leather Archer Armor
Cairo
0:35 Loom
12:20 Feudal Age
12:45 Double-Bit Axe
13:08 Horse Collar
18:32 Castle Age
16:48 Fletching
17:07 Gold Mining
21:17 Thumb Ring
34:48 Stone Mining
37:56 Crossbowman
38:49 Bow Saw
38:25 Elite Skirmisher
40:04 Ballistics
45:40 Imperial Age
44:42 Padded Archer Armor
45:32 Bodkin Arrow
52:41 Wheelbarrow
57:08 Chemistry
70:52 Pikeman
82:03 Heavy Plow
Osbaka
10:50 Feudal Age
14:53 Castle Age
12:52 Double-Bit Axe
12:50 Horse Collar
13:36 Gold Mining
17:14 Bow Saw
19:26 Fletching
19:56 Crossbowman
21:02 Padded Archer Armor
24:53 Bodkin Arrow
26:27 Ballistics
27:06 Leather Archer Armor
29:36 Wheelbarrow
31:38 Gold Shaft Mining
35:13 Imperial Age
33:26 Hand Cart
34:36 Heavy Plow
34:31 Stone Mining
36:01 Yeomen
35:55 Arbalester
37:32 Pikeman
38:13 Halberdier
38:56 Squires
39:01 Bracer
39:31 Ring Archer Armor
41:08 Chemistry
40:41 Ring Archer Armor
40:21 Forging
41:41 Scale Mail Armor
41:38 Arson
44:24 Iron Casting
44:05 Chain Mail Armor
48:39 Loom
58:01 Blast Furnace
57:32 Plate Mail Armor
Connection lost

Rejoining the realm…

Still unreachable

The connection could not be restored.

Session expired

The server has moved on; the page needs a fresh start.